 Dungeon Crawl Stone Soup version 0.29-a0-317-gd16b76e6b1 (webtiles) character file.

Game seed: 10940164335992319972

609 wakim the Insei (level 7, 0/46 HPs)
             Began as an Octopode Transmuter on Mar 30, 2022.
             Slain by a sky beast (5 damage)
             ... on level 5 of the Dungeon.
             The game lasted 00:16:55 (5597 turns).

wakim the Insei (Octopode Transmuter)               Turns: 5597, Time: 00:16:56

Health: 0/46       AC:  1    Str:  9    XL:     7   Next: 43%
Magic:  10/10      EV: 13    Int: 17    God:
Gold:   251        SH:  0    Dex: 13    Spells: 2/10 levels left

rFire   . . .      SeeInvis .     - Unarmed
rCold   . . .      Faith    .   (no shield)
rNeg    . . .      Spirit   .   (helmet currently unavailable)
rPois   .          Reflect  .   (no amulet)
rElec   .          Harm     .   (no ring)
rCorr   .          Rampage  .   (no ring)
Will    .....                   (no ring)
Stlth   +++.......              (no ring)
HPRegen 0.15/turn               (no ring)
MPRegen 0.12/turn               (no ring)
                                (no ring)
                                (no ring)

@: about to teleport, appendages
A: tentacle spike 3, almost no armour, amphibious, 8 rings, camouflage 1,
gelatinous body 1, (nimble swimmer 1), tentacles
a: End Transformation


You were on level 5 of the Dungeon.
One of your tentacles had grown a beastly spike.
You visited 1 branch of the dungeon, and saw 5 of its levels.

You collected 251 gold pieces.

Inventory:

Missiles
 s - 111 stones
 V - 2 poisoned darts
Wands
 x - a wand of iceblast (12)
Scrolls
 T - 4 scrolls of teleportation
Potions
 D - 2 potions of brilliance
 F - 3 potions of curing
 G - 2 potions of flight
 L - 2 potions of lignification {!q}
 N - a potion of might
 S - a potion of heal wounds {unknown}
 W - a potion of resistance {unknown}


   Skills:
 + Level 3.5 Fighting
 - Level 2.0 Dodging
 - Level 3.0 Stealth
 * Level 5.9 Unarmed Combat
 - Level 2.0 Spellcasting
 * Level 4.4 Transmutations


You had 2 spell levels left.
You knew the following spells:

 Your Spells              Type           Power      Damage    Failure   Level
a - Beastly Appendage     Tmut           32%        N/A       3%          1
c - Ice Form              Ice/Tmut       9%         N/A       61%         4
x - Spider Form           Tmut/Pois      9%         N/A       24%         3

Your spell library contained the following spells:

 Spells                   Type           Power      Damage    Failure   Level
 Wereblood                Tmut           16%        N/A       4%          2
 Passage of Golubria      Tloc           1%         N/A       88%         4
 Silence                  Hex/Air        0%         N/A       99%         5
 Summon Forest            Summ/Tloc      0%         N/A       99%         5
 Eringya's Noxious Bog    Tmut/Pois      4%         N/A       100%        6
 Summon Hydra             Summ           0%         N/A       100%        7
 Lehudib's Crystal Spear  Conj/Erth      0%         10d2      100%        8


Dungeon Overview and Level Annotations

Branches:
Dungeon (5/15)
 Temple: D:4-7

Altars:
Cheibriados
Elyvilon
Hepliaklqana
Uskayaw

Annotations:
D:2 Natasha
D:3 dig
D:5 4 runed translucent doors


Innate Abilities, Weirdness & Mutations

One of your tentacles has grown a beastly spike.
You cannot wear most types of armour.
You are amphibious.
You can wear up to eight rings at the same time.
Your skin changes colour to match your surroundings (Stealth+).
Your rubbery body absorbs attacks. (AC +1, EV +1)
((You are camouflaged when in or above water. (Stealth+)))
You have tentacles for arms and can constrict up to eight enemies at once.


Message History

You closely miss the sky beast. Your squeeze misses the sky beast.
The sky beast is lightly wounded.
The sky beast hits you. The sky beast shocks you. 37/46 (-9)
You tentacle-slap the sky beast.
Your tentacle spike misses the sky beast.
You tentacle-slap the sky beast, but do no damage.
The sky beast is moderately wounded.
The sky beast hits you. The sky beast shocks you. 28/46 (-9)
You tentacle-slap the sky beast.
Your tentacle spike misses the sky beast.
Your squeeze misses the sky beast.
The sky beast is heavily wounded.
The sky beast hits you. The sky beast shocks you.
* * * LOW HITPOINT WARNING * * *
20/46 (-8)
You tentacle-slap the sky beast but do no damage.
Your squeeze misses the sky beast.
The sky beast is heavily wounded.
The sky beast flickers out of sight!
Deactivating autopickup; reactivate with Ctrl-A.
Something hits you.
* * * LOW HITPOINT WARNING * * *
Something shocks you.
* * * LOW HITPOINT WARNING * * *
Something hits you.
* * * LOW HITPOINT WARNING * * *
Something shocks you.
* * * LOW HITPOINT WARNING * * *
There is an open door here.
You feel better. Something hits you.
* * * LOW HITPOINT WARNING * * *
Something shocks you.
* * * LOW HITPOINT WARNING * * *
As you read the scroll of teleportation, it crumbles to dust.
You feel strangely unstable. Something hits you.
* * * LOW HITPOINT WARNING * * *
Something shocks you.
You die...

#.##..P....................##
##.##..P.##..######..######..##
.......P.##.## ####....##..#
.#.##....##.# #.##.#.#..#
.#..........# ###..#.#..#
.##.#..♣.##.# ## #..###.#..#
.##.#..♣.##.#.#.## #)##.#.#..#
.##.#..♣.##.##...# ###.#.##..#
.......♣.##..###@# #'###...#
###.##...###.....######......##
#.##...# #....##8|(8##.###.#
#.#|#.####....#8...!8#..##.#
###.....###.....+W....z+...#.####
..........'.....+......+.........
###....####.....#8....8#.....####
##.#...# ##....##8!|8##..####
#.###..# ##....######...#


There were no monsters in sight!

Vanquished Creatures
  A yak (D:5)
  A phantom (D:5)
  2 necrophages (D:4)
  A gnoll shaman (D:4)
  Jessica (D:2)
  3 gnolls (D:4)
  9 adders
  4 worms
  3 dart slugs
  3 orcs
  7 ball pythons
  9 endoplasms
  2 giant cockroaches (D:4)
  9 hobgoblins
  7 jackals (D:3)
  3 quokkas
  2 bats
  5 frilled lizards
  8 goblins
  5 kobolds
  10 rats
95 creatures vanquished.

Notes
Turn   | Place    | Note
-------+----------+-------------------------------------------
     0 | D:1      | wakim the Octopode Transmuter began the quest for the Orb.
     0 | D:1      | Reached XP level 1. HP: 13/13 MP: 3/3
   102 | D:1      | Reached skill level 1 in Stealth
   163 | D:1      | Reached XP level 2. HP: 18/18 MP: 5/5
   691 | D:1      | Reached XP level 3. HP: 23/23 MP: 4/6
  1014 | D:1      | Learned a level 3 spell: Spider Form
  1319 | D:2      | Noticed Natasha
  1546 | D:2      | Reached XP level 4. HP: 29/29 MP: 5/7
  1672 | D:2      | Noticed Jessica
  1692 | D:2      | Killed Jessica
  1693 | D:2      | Reached skill level 4 in Unarmed Combat
  2005 | D:2      | Found a snail-covered altar of Cheibriados.
  2752 | D:3      | Reached XP level 5. HP: 34/34 MP: 8/8
  3048 | D:3      | Found a hide-covered altar of Uskayaw.
  3261 | D:3      | Found a faded altar of an unknown god.
  3389 | D:3      | Noticed an ice beast
  3535 | D:3      | Learned a level 4 spell: Ice Form
  3955 | D:4      | Found a hazy altar of Hepliaklqana.
  4264 | D:4      | Reached skill level 5 in Unarmed Combat
  4264 | D:4      | Reached XP level 6. HP: 39/41 MP: 7/9
  5157 | D:5      | Entered Level 5 of the Dungeon
  5250 | D:5      | Found a white marble altar of Elyvilon.
  5274 | D:5      | Found a large runed translucent door.
  5274 | D:5      | Found a large runed translucent door.
  5277 | D:5      | Noticed a shadow
  5281 | D:5      | Found a large runed translucent door.
  5281 | D:5      | Found a large runed translucent door.
  5321 | D:5      | Noticed a yak
  5423 | D:5      | Killed a yak
  5424 | D:5      | Reached XP level 7. HP: 34/46 MP: 4/10
  5597 | D:5      | Slain by a sky beast

Illustrated notes

Levels and vault maps discovered:
D:1:      dpeg_arrival_fog, layout_loops_cross, minmay_cut_off
D:2:      layout_loops_corners, basic_altar, uniq_natasha, uniq_jessica
D:3:      layout_basic, nicolae_uskayaw_dance_hall,
          hellmonk_ecumenical_altar_heavens_door, lightli_corner_chamber
D:4:      layout_basic, nicolae_hepliaklqana_hazy_memory,
          kennysheep_generic_room_14
D:5:      layout_loops_corners, nicolae_overflow_hidden_temple,
          mainiacjoe_overflow_boulevard, grunt_decor_cap,
          minmay_hollow_rounded_squares, uniq_crazy_yiuf_cottage

Skill      XL: |  1  2  3  4  5  6 |
---------------+-------------------+-----
Stealth        | 1 2 3 |  3.0
Fighting       | 2 3 |  3.5
Unarmed Combat | 4 5 |  5.9
Transmutations | 3 4 |  4.4
Dodging        | |  2.0
Spellcasting   | |  2.0

Action                   |  1- 3 |  4- 6 |  7- 9 || total
-------------------------+-------+-------+-------++-------
Melee: Unarmed           |    68 |   137 |    12 ||   217
       Kick              |    23 |    55 |     3 ||    81
       Constrict         |    22 |    36 |       ||    58
       Tentacles         |    12 |    35 |     3 ||    50
       Punch             |     2 |     4 |     2 ||     8
Throw: Dart              |       |     3 |       ||     3
 Cast: Beastly Appendage |    23 |    35 |     3 ||    61
       Spider Form       |       |     1 |       ||     1
  Use: Scroll            |       |    13 |     1 ||    14
       Potion            |       |       |     1 ||     1
 Stab: Sleeping          |    14 |     9 |     1 ||    24
Armor: Skin              |     4 |     9 |       ||    13
Dodge: Dodged            |    25 |    67 |     4 ||    96

Table legend: (Time is in decaauts)
 A = Elapsed time spent in this place.
 B = Non-inter-level travel time spent in this place.
 C = Inter-level travel time spent in this place.
 D = Time resting spent in this place.
 E = Time spent auto-exploring this place.
 F = Levels seen in this place.
 G = Mean time per level.
                   A        B        C        D        E       F      G
               +--------+--------+--------+--------+--------+-----+--------+
         Total |   5582 |   5374 |    208 |    377 |   3849 |   5 | 1116.4 |
       Dungeon |   5582 |   5374 |    208 |    377 |   3849 |   5 | 1116.4 |
               +--------+--------+--------+--------+--------+-----+--------+

Top non-repeatable levels by time:
     D:2: 1557 daAuts
     D:4: 1428 daAuts
     D:3: 1136 daAuts
     D:1: 1043 daAuts
     D:5: 416 daAuts
